 Dungeon Crawl Stone Soup version 0.31.0-11-ge490571c62 (webtiles) character file.

Game seed: 4587669978313703577

17767 ces the Marksspriggan (level 12, -3/62 HPs)
             Began as a Spriggan Hunter on Feb 1, 2024.
             Was an Initiate of Gozag.
             Slain by a meliai
             ... wielding a +0 hand axe
              (5 damage)
             ... on level 13 of the Dungeon.
             The game lasted 00:39:08 (15746 turns).

ces the Marksspriggan (Spriggan Hunter)            Turns: 15746, Time: 00:39:08

Health: -3/62      AC:  4    Str:  7    XL:     12   Next: 21%
Magic:  13/13      EV: 26    Int: 11    God:    Gozag
Gold:   2243       SH:  0    Dex: 23    Spells: 11/11 levels left

rFire   . . .        a - +0 shortbow (flame)
rCold   . . .        (shield currently unavailable)
rNeg    + . .        g - +2 robe {rN+}
rPois   +            (helmet restricted)
rElec   .            (no cloak)
rCorr   .            (gloves unavailable)
SInv    +            (boots unavailable)
Will    ++...        (no amulet)
Stlth   +++++        k - +4 ring of slaying
HPRegen 0.30/turn    h - ring of poison resistance
MPRegen 0.13/turn

%: no passive effects
@: very quick
A: very small, no large weapons, unfitting armour, see invisible, speed 3
a: Renounce Religion, Potion Petition, Call Merchant, Bribe Branch


You were on level 13 of the Dungeon.
You worshipped Gozag.
Gozag was most pleased with you.
You visited 2 branches of the dungeon, and saw 14 of its levels.
You also visited: Bailey.

You collected 3039 gold pieces.
You spent 694 gold pieces at shops.
You paid 102 gold pieces to Gozag.

Inventory:

Hand Weapons
 a - a +0 shortbow of flaming (weapon)
Missiles
 w - 2 throwing nets
Armour
 g - a +2 robe of positive energy (worn)
Jewellery
 h - a ring of poison resistance (right hand)
 k - a +4 ring of slaying (left hand)
Wands
 e - a wand of digging (4)
 s - a wand of polymorph (8)
 t - a wand of flame (12)
 v - a wand of mindburst (3)
Scrolls
 c - a scroll of noise
 f - 4 scrolls of fog
 l - a scroll of fear
 m - 2 scrolls of revelation
 n - 4 scrolls of teleportation
 o - 3 scrolls of amnesia
 p - a scroll of immolation
 r - 2 scrolls of vulnerability {unknown}
 u - a scroll of brand weapon
 y - 2 scrolls of blinking
 A - a scroll of enchant weapon
Potions
 d - 4 potions of enlightenment
 i - a potion of heal wounds
 j - 2 potions of brilliance
 q - a potion of attraction {unknown}
 x - a potion of curing
 z - a potion of might {unknown}
Miscellaneous
 b - a phantom mirror


   Skills:
 + Level 6.4 Fighting
 * Level 15.5 Ranged Weapons
 + Level 10.0 Dodging
 + Level 10.9 Stealth
 + Level 6.2 Evocations


You had 11 spell levels left.
You didn't know any spells.
Your spell library contained the following spells:

 Spells                   Type           Power      Damage    Failure   Level
 Sandblast                Erth           0%         2d4       34%         1
 Cigotuvi's Dreadful Rot  Necr/Alch/Air  0%         N/A       47%         2
 Scorch                   Fire           0%         2d5       47%         2
 Inner Flame              Hex/Fire       0%         N/A       71%         3
 Passwall                 Erth           0%         N/A       71%         3
 Stone Arrow              Conj/Erth      0%         3d7       71%         3
 Brom's Barrelling Bould  Conj/Erth      0%         2d3       98%         4
 Flame Wave               Conj/Fire      0%         2d4       98%         4
 Ignite Poison            Fire/Alch      0%         N/A       98%         4
 Freezing Cloud           Conj/Ice/Air   0%         6-21      100%        5
 Irradiate                Conj/Alch      0%         3d11      100%        5
 Summon Cactus Giant      Summ           0%         N/A       100%        6
 Ignition                 Fire           0%         3d3       100%        8


Dungeon Overview and Level Annotations

Branches:
Dungeon (13/15)            Temple (1/1) D:6            Lair (0/5) D:9
    Orc (0/2) D:12         Bailey (visited)
 Vaults: D:13-14

Altars:
Ashenzari
Cheibriados
Dithmenos
Elyvilon
Fedhas
Gozag
Hepliaklqana
Kikubaaqudgha
Makhleb
Nemelex Xobeh
Okawaru
Qazlal
Ru
Sif Muna
Trog
Uskayaw
Vehumet
Wu Jian
Xom
Yredelemnul
Zin
The Shining One

Shops:
D:3 ?   D:4 [   D:9 ?

Annotations:
D:8 3 runed translucent doors, awry's ghost, novice MiBe


Innate Abilities, Weirdness & Mutations

You are very small and have problems with some larger weapons.
You are too small for most types of armour.
You have supernaturally acute eyesight. (SInv)
You cover ground extremely quickly. (Speed+++)


Message History

The meliai buzzes angrily.
A meliai comes into view. It is wielding a +0 hand axe.
You shoot an arrow. The arrow barely misses the meliai.
The arrow hits the meliai!
The arrow burns the meliai!
The meliai is almost dead.
The meliai mumbles some strange prayers to its god against you.
Something smites you!
You shoot an arrow.
The arrow hits the meliai but does no damage.
The meliai is lightly wounded.
The meliai calls upon its god to heal the meliai.
The meliai is healed somewhat.
The meliai invokes the aid of its god against you.
Something smites you!
The meliai calls upon its god to heal the meliai.
The meliai's wounds heal themselves!
The meliai calls upon its god to heal the meliai.
The meliai is healed somewhat.
The meliai calls upon its god to heal the meliai.
The meliai's wounds heal themselves!
The meliai attacks as it pursues you! The meliai misses you. x2
The meliai attacks as it pursues you! The meliai completely misses you.
The meliai closely misses you. The meliai attacks as it pursues you!
The meliai closely misses you. x2
The meliai invokes the aid of its god against you.
Something smites you! The meliai attacks as it pursues you!
The meliai hits you with a +0 war axe!
* * * LOW HITPOINT WARNING * * *
The meliai barely misses you. The meliai hits you with a +0 hand axe.
* * * LOW HITPOINT WARNING * * *
The meliai stings you.
* * * LOW HITPOINT WARNING * * *
You feel much better. The meliai hits you with a +0 hand axe!
* * * LOW HITPOINT WARNING * * *
The meliai completely misses you. The meliai hits you with a +0 war axe!
* * * LOW HITPOINT WARNING * * *
The meliai completely misses you. The meliai hits you with a +0 hand axe.
You die...
Your body crumbles into a pile of gold.

#.........#......#.#
#.........#.....##.#
#.........#.....#..###
#.######..####+##.)..#
####.# #.....[.......#
#....# #..#+##+#.....#
#....# #..# #.....#
#....######yy# #.....'..
#.........@y.# #.....#..
#............# #.....#..
#...(...<....######.....###
#####......................
#...######.............
#...# #............. #...#
#............. #...#
#............. #...#
#.............


You could see 3 meliai.

Vanquished Creatures
  Harold (D:9)
  A boulder beetle (D:12)
  2 two-headed ogres
  A skeletal warrior (D:13)
  An ugly thing (D:12)
  A deep elf pyromancer (D:12)
  A manticore (D:8)
  A cyclops (D:12)
  3 unseen horrors
  A komodo dragon (D:9)
  Jeremiah (D:9)
  5 trolls
  A tengu conjurer (D:13)
  Prince Ribbit (D:9)
  10 slime creatures
  A vampire (D:12)
  A shadow (D:11)
  A wraith (D:12)
  A wyvern (D:10)
  2 steam dragons
  A basilisk (D:9)
  16 yaks
  A warg (D:12)
  3 vampire mosquitoes
  Menkaure (D:6)
  4 acid dragons
  A water moccasin (D:7)
  3 black bears
  3 orc warriors
  2 ice beasts
  2 ogres
  2 phantoms
  3 centaurs
  11 kobold brigands
  4 bullfrogs
  A scorpion (D:6)
  3 killer bees
  A howler monkey (D:9)
  A bombardier beetle (D:4)
  3 jellies
  5 hounds
  2 sleepcaps
  2 gnoll boudas
  14 orc priests
  3 iguanas
  17 orc wizards
  Robin (D:2)
  13 adders
  13 gnolls
  2 white imps
  3 ribbon worms
  2 dart slugs
  47 orcs
  4 endoplasms
  A giant cockroach (D:1)
  26 goblins
  12 hobgoblins
  3 ball pythons
  6 bats
  2 frilled lizards (D:2)
  47 kobolds
  2 rats (D:3)
330 creatures vanquished.

Vanquished Creatures (others)
  A kobold (D:8)
1 creature vanquished.

Grand Total: 331 creatures vanquished

Notes
Turn   | Place    | Note
-------+----------+-------------------------------------------
     0 | D:1      | ces the Spriggan Hunter began the quest for the Orb.
     0 | D:1      | Reached XP level 1. HP: 10/10 MP: 2/2
    82 | D:1      | You fall into a shaft and drop 1 floor!
   116 | D:2      | Reached XP level 2. HP: 14/14 MP: 3/3
   686 | D:2      | Noticed Robin
   720 | D:2      | Killed Robin
   721 | D:2      | Reached skill level 5 in Ranged Weapons
   721 | D:2      | Reached XP level 3. HP: 17/18 MP: 4/4
  1182 | D:2      | Reached XP level 4. HP: 22/22 MP: 5/5
  1578 | D:3      | Reached skill level 6 in Ranged Weapons
  1678 | D:3      | Reached XP level 5. HP: 19/25 MP: 6/6
  2294 | D:3      | Found Napir's Magic Scroll Shoppe.
  2542 | D:3      | Found a snail-covered altar of Cheibriados.
  2629 | D:4      | Noticed a black bear
  2667 | D:4      | Found Kigus Kiri's Antique Armour Shoppe.
  2769 | D:4      | Killed a black bear
  2770 | D:4      | Reached skill level 7 in Ranged Weapons
  2770 | D:4      | Reached XP level 6. HP: 30/30 MP: 7/7
  2813 | D:4      | Bought a runed robe for 88 gold pieces
  3246 | D:4      | Reached skill level 8 in Ranged Weapons
  3498 | D:4      | Found a shadowy altar of Dithmenos.
  3822 | D:5      | Entered Level 5 of the Dungeon
  3874 | D:4      | Reached XP level 7. HP: 27/33 MP: 8/8
  4054 | D:5      | Found a sparkling altar of Nemelex Xobeh.
  4054 | D:5      | Found a sacrificial altar of Ru.
  4054 | D:5      | Found a broken altar of Ashenzari.
  4165 | D:5      | Reached skill level 9 in Ranged Weapons
  4274 | D:5      | Found a bloodstained altar of Trog.
  4367 | D:5      | HP: 1/33 [orc priest/divine providence (15)]
  4856 | D:5      | Found a hazy altar of Hepliaklqana.
  5129 | D:5      | Reached skill level 10 in Ranged Weapons
  5581 | D:5      | Reached XP level 8. HP: 37/37 MP: 9/9
  5717 | D:6      | Noticed Menkaure
  5722 | D:6      | Killed Menkaure
  5808 | D:6      | Reached skill level 11 in Ranged Weapons
  5834 | D:6      | Found a staircase to the Ecumenical Temple.
  6358 | Temple   | Entered the Ecumenical Temple
  6368 | Temple   | Became a worshipper of Gozag Ym Sagoz the Greedy
  6411 | D:7      | Reached skill level 12 in Ranged Weapons
  6931 | D:7      | Reached XP level 9. HP: 42/42 MP: 10/10
  8017 | D:8      | Found a runed translucent gate.
  8017 | D:8      | Found a runed translucent gate.
  8017 | D:8      | Found a runed translucent gate.
  8018 | D:8      | Found an opulent altar of Gozag.
  8120 | D:8      | Noticed a manticore
  8158 | D:8      | Killed a manticore
  8159 | D:8      | Reached skill level 5 in Dodging
  8664 | D:8      | Found an iron altar of Okawaru.
  8689 | D:8      | Reached skill level 13 in Ranged Weapons
  8774 | D:8      | Reached skill level 5 in Stealth
  8858 | D:8      | Found a hide-covered altar of Uskayaw.
  8858 | D:8      | Found a burning altar of Makhleb.
  9049 | D:8      | Reached XP level 10. HP: 49/49 MP: 11/11
  9109 | D:8      | Noticed a centaur warrior
  9110 | D:8      | Noticed awry's ghost (novice MiBe)
  9596 | D:3      | Bought a scroll of identify for 24 gold pieces
  9596 | D:3      | Bought a scroll of teleportation for 36 gold pieces
  9596 | D:3      | Bought a scroll of blinking for 90 gold pieces
  9596 | D:3      | Bought a scroll of identify for 24 gold pieces
  9596 | D:3      | Bought a scroll of fog for 48 gold pieces
  9596 | D:3      | Bought a scroll of teleportation for 36 gold pieces
 10163 | D:9      | Noticed Harold
 10164 | D:9      | Noticed Prince Ribbit
 10424 | D:9      | Found Zittoag's Magic Scroll Shop.
 10431 | D:9      | Bought a scroll of identify for 24 gold pieces
 10431 | D:9      | Bought a scroll of fear for 48 gold pieces
 10431 | D:9      | Bought a scroll of brand weapon for 114 gold pieces
 10431 | D:9      | Bought a scroll of fear for 48 gold pieces
 10433 | D:9      | Bought a scroll of brand weapon for 114 gold pieces
 10636 | D:9      | Noticed Jeremiah
 10650 | D:9      | Killed Jeremiah
 10983 | D:9      | Killed Harold
 11091 | D:9      | Killed Prince Ribbit
 11291 | D:9      | Reached skill level 14 in Ranged Weapons
 11368 | D:9      | Reached skill level 1 in Evocations
 11604 | D:9      | Found a staircase to the Lair.
 11973 | D:10     | Entered Level 10 of the Dungeon
 11981 | D:10     | Reached skill level 5 in Fighting
 12056 | D:9      | Reached XP level 11. HP: 39/55 MP: 12/12
 12411 | D:10     | Noticed a two-headed ogre
 12439 | D:10     | Killed a two-headed ogre
 12577 | D:10     | Found a flagged portal.
 12597 | Bailey   | Entered a bailey
 12648 | Bailey   | Found a bloodstained altar of Trog.
 13644 | D:11     | Noticed a two-headed ogre
 13659 | D:11     | Killed a two-headed ogre
 14326 | D:12     | Noticed a deep elf pyromancer
 14394 | D:12     | Killed a deep elf pyromancer
 14401 | D:12     | Found a staircase to the Orcish Mines.
 14469 | D:12     | Reached skill level 15 in Ranged Weapons
 14469 | D:12     | Noticed a boulder beetle
 14486 | D:12     | Killed a boulder beetle
 14487 | D:12     | Reached skill level 10 in Stealth
 14487 | D:12     | Reached skill level 5 in Evocations
 15117 | D:12     | Noticed a purple ugly thing
 15152 | D:12     | Killed a purple ugly thing
 15153 | D:12     | Reached XP level 12. HP: 61/61 MP: 13/13
 15648 | D:13     | Reached skill level 10 in Dodging
 15746 | D:13     | HP: 2/62 [meliai/+0 war axe (9)]
 15746 | D:13     | Slain by a meliai

Illustrated notes

Levels and vault maps discovered:
D:1:      lightli_arrival_statue_moat, layout_basic, serial_shops, shop,
          shapermc_ecumenical_altar_pompeii, minmay_tromino_v4_c
D:2:      layout_loops_corners, minmay_goblin_outpost, uniq_robin
D:3:      layout_basic, lemuel_tele_altar, serial_shops, nicolae_shop_stone
D:4:      layout_layer_cave, nicolae_dithmenos_through_a_glass_darkly,
          serial_shops, nicolae_shop_trees
D:5:      layout_basic, mainiacjoe_overflow_chevrons,
          gammafunk_temple_overflow_claw, kennysheep_mini_moat,
          minmay_misc_feat_doors
D:6:      layout_basic, temple_doors_ab, uniq_menkaure
D:7:      layout_basic
D:8:      layout_basic, mainiacjoe_overflow_small_starburst,
          gammafunk_temple_overflow_wave, ebering_ghost_gozag
D:9:      layout_gridville, david_lair_shrubbed, serial_shops,
          nicolae_shop_advertising_works [nicolae_subvault_shop_adworks],
          uniq_jeremiah, uniq_prince_ribbit1, uniq_harold
D:10:     layout_roguey, enter_bailey_3
D:11:     layout_cave_pools, kennysheep_generic_room_10
D:12:     layout_stronghold, erik_orc_4, david_defended_altar_orc
D:13:     layout_irregular_city
Temple:   nicolae_temple_slightly_damp_pantheon

Skill      XL: |  1  2  3  4  5  6  7  8  9 10 11 12 |
---------------+-------------------------------------+-----
Ranged Weapons | 5 6 7 8 10 12 13 14 15 | 15.5
Dodging        | 3 6 7 9 10 | 10.0
Fighting       | 3 5 6 |  6.4
Stealth        | 5 8 10 | 10.9
Evocations     | 2 5 6 |  6.2

Action                     |  1- 3 |  4- 6 |  7- 9 | 10-12 || total
---------------------------+-------+-------+-------+-------++-------
   Fire: Shortbow          |    74 |   256 |   575 |   792 ||  1697
  Evoke: Wand              |       |       |     3 |    37 ||    40
         Phantom mirror    |       |       |       |     1 ||     1
    Use: Scroll            |       |     3 |     7 |    13 ||    23
         Potion            |       |       |     1 |     8 ||     9
 Armour: Robe              |    11 |    17 |    51 |    66 ||   145
         Skin              |       |       |       |    32 ||    32
  Dodge: Dodged            |    24 |    49 |   120 |   215 ||   408
